 Dungeon Crawl Stone Soup version 0.26-b1-32-g5d43845318 (webtiles) character file.

Game seed: 5285337124796502618

104 Borgoz the Slasher (level 4, 0/38 HPs)
             Began as a Ghoul Gladiator on Jan 13, 2021.
             Killed from afar by Natasha (5 damage)
             ... with a magic dart
             ... on level 2 of the Dungeon.
             The game lasted 00:01:20 (1316 turns).

Borgoz the Slasher (Ghoul Gladiator)                Turns: 1316, Time: 00:01:21

Health: 0/38       AC:  5    Str: 17    XL:     4   Next: 80%
Magic:  3/3        EV: 12    Int:  3    God:
Gold:   53         SH:  0    Dex: 11    Spells: 3/3 levels left

rFire    . . .     SeeInvis .   a - +0 long sword
rCold    + . .     Faith    .   (no shield)
rNeg     + + +     Spirit   .   b - +0 leather armour
rPois    ∞         Reflect  .   c - +0 helmet
rElec    .         Harm     .   (no cloak)
rCorr    .         Rampage  .   k - +0 pair of gloves
Will     .....                  (no boots)
Stlth    +.........             (no amulet)
HPRegen  0.00/turn              (no ring)
MPRegen  0.08/turn              (no ring)

@: attractive, hasted and slowed
A: claws 1, cold resistance 1, negative energy resistance 3, inhibited
regeneration, torment resistance, unbreathing
a: no special abilities


You were on level 2 of the Dungeon.
You visited 1 branch of the dungeon, and saw 2 of its levels.

You collected 53 gold pieces.

Inventory:

Hand Weapons
 a - a +0 long sword (weapon)
Missiles
 d - 3 throwing nets (quivered)
Armour
 b - a +0 leather armour (worn)
 c - a +0 helmet (worn)
 k - a +0 pair of gloves (worn)
Scrolls
 g - a scroll of identify {unknown}
 h - a scroll of blinking {unknown}
 i - a scroll of remove curse {unknown}


   Skills:
 * Level 3.1 Fighting
 * Level 3.4 Long Blades
 - Level 1.7 Throwing
 * Level 1.6 Armour
 * Level 3.3 Dodging


You had 3 spell levels left.
You didn't know any spells.
Your spell library was empty.

Dungeon Overview and Level Annotations

Branches:
Dungeon (2/15)

Altars:

Annotations:
D:2 Natasha


Innate Abilities, Weirdness & Mutations

You thrive by killing the living.
You are immune to poison.
You have sharp fingernails.
Your flesh is cold resistant. (rC+)
You are immune to negative energy. (rN+++)
You do not regenerate when monsters are visible.
You are immune to unholy pain and torment.
You can survive without breathing.


Message History

* * * LOW HITPOINT WARNING * * *
Natasha closely misses you.
You riposte.
You miss Natasha.
Natasha is severely wounded.
It was a potion of haste.
You feel yourself speed up.
Natasha stares at you and mumbles some strange words.
You feel as though you will be slow longer.
It was a potion of attraction.
You feel attractive to monsters. Natasha claws you but does no damage.
You closely miss Natasha.
Natasha is severely wounded.
Natasha hisses.
Natasha claws you but does no damage.
You barely miss Natasha.
Natasha is severely wounded.
Natasha misses you.
You riposte.
You closely miss Natasha.
Natasha is severely wounded.
Natasha casts a spell at you. The magic dart hits you.
You die...

### ## ##### ..#..≈ #....
..#..# #..... .....#
#.....######.....#
#.......#.........
#.........5g# ##
#.......###h##.#
#.......# #@#..# .#
####.######.#.###.##
#.#####..........#
.........#.#.#.#.# #
###.#####.........# #
##.####..#.#.#.#.# ###
.................######.#
##.#####.#.#.#.#.......#.
#..####............####.#


You could see an iron imp (summoned), Natasha and a goblin.

Vanquished Creatures
  Natasha (twice) (D:2)
  2 adders (D:2)
  An ooze (D:1)
  A dart slug (D:1)
  A leopard gecko (D:1)
  4 bats
  3 giant cockroaches
  6 goblins
  6 hobgoblins
  A frilled lizard (D:1)
  2 rats (D:1)
29 creatures vanquished.

Notes
Turn   | Place    | Note
-------+----------+-------------------------------------------
     0 | D:1      | Borgoz the Ghoul Gladiator began the quest for the Orb.
     0 | D:1      | Reached XP level 1. HP: 17/17 MP: 0/0
    78 | D:1      | Reached XP level 2. HP: 18/25 MP: 1/1
   637 | D:1      | Reached skill level 1 in Armour
   637 | D:1      | Reached XP level 3. HP: 30/30 MP: 2/2
   906 | D:2      | Noticed Natasha
   914 | D:2      | Killed Natasha
   915 | D:2      | Reached XP level 4. HP: 12/37 MP: 3/3
  1236 | D:2      | Noticed Natasha
  1241 | D:2      | Killed Natasha
  1294 | D:2      | Noticed Natasha
  1316 | D:2      | Killed from afar by Natasha

Illustrated notes

Levels and vault maps discovered:
D:1:      dpeg_arrival_water_temple_mockup, layout_loops_ring
D:2:      layout_loops_cross, pdpol_wu_jian_five_deadly_venoms, serial_glass,
          glass_columns_c, glass_columns_a, glass_columns_b, glass_columns_c,
          st_stairs_10, chequers_serial_rivers_large_a, hangedman_ru_absence,
          uniq_natasha

Skill      XL: |  1  2  3  4 |
---------------+-------------+-----
Long Blades    | 3 |  3.4
Armour         | 1 |  1.6
Dodging        | 3 |  3.3
Fighting       | 3 |  3.1
Throwing       | |  1.7

Action                   |  1- 3 |  4- 6 || total
-------------------------+-------+-------++-------
Melee: Long sword        |    55 |    40 ||    95
  Use: Potion            |       |     3 ||     3
 Stab: Sleeping          |     1 |       ||     1
Armor: Leather armour    |    13 |    15 ||    28
Dodge: Dodged            |    38 |    31 ||    69
       Rpst.: Long sword |    13 |    15 ||    28
